Unix NetHack Version 5.0.0-0 post-release - last build May 23 2026 06:08:33 (1c0ff79ee797540d5714e4e18072db0edd9e58ae,branch:main).

Game began 2026-05-26 01:15:06, ended 2026-05-26 01:47:49.

ArrBianca, neutral female human Tourist

                                                           ---
                                                            .|            --
                                                           -.|            .|
                                                           +.|###   .......|
                                                           |G|#           .|
                                                           |@-#           --
                                                           -B|##
                                                           ..|##
                                                          --.|##
                                                           |.|##
                                                           |.|##
                                                           -.|##    --.----
                                                            .|####  |.<...|
                                                           -.|#  #  |.....|
                                                           |.|   #  |.....|
                                                            @|   ###......|
                                                           ---      |.....|
                                                                    |.....|
                                                                    -------

ArrBianca the Excursionist  St:12 Dx:10 Co:18 In:11 Wi:7 Ch:14  Neutral
Dlvl:8  $:220 HP:0(73) Pw:36(36) AC:1  Xp:7 T:3259 

Latest messages:
 The vampire bat bites again!
 You hit the gnomish wizard.
 The vampire bat bites!
 The vampire bat bites again!
 The vampire bat's bite was poisoned!
 The air crackles around the gnomish wizard.
 The gnomish wizard points at you, then curses.
 The gnome throws a thonged club!
 The thonged club misses the gnomish wizard.
 A thonged club misses you.
 The thonged club returns to the gnome's hand!
 What do you want to drink? [nrsvK or ?*] ?
 What do you want to drink? [nrsvK or ?*] <space>
 Never mind.
 Are you sure you want to pray? [yn] (n) y
 You begin praying to The Lady.
 You are surrounded by a shimmering light.
 The vampire bat starts to attack you, but pulls back.
 The gnomish wizard starts to attack you, but pulls back.
 The vampire bat starts to attack you, but pulls back.
 The gnomish wizard starts to attack you, but pulls back.
 The vampire bat starts to attack you, but pulls back.
 The gnomish wizard starts to attack you, but pulls back.
 You finish your prayer.
 You feel that The Lady is well-pleased.
 What do you want to ready? [- $adfM or ?*] ?
 What do you want to ready? [- $adfM or ?*] <space>
 Never mind.
 In what direction? j
 The dart hits the vampire bat.
 The vampire bat bites!
 The vampire bat misses!
 The gnomish wizard points at you, then curses.
 The vampire bat bites!
 The vampire bat bites again!
 What do you want to drink? [nrsvK or ?*] v
 Magical energies course through your body.
 The vampire bat bites!
 The vampire bat bites again!
 The vampire bat bites!
 The vampire bat misses!
 What do you want to zap? [t or ?*] t
 In what direction? j
 The magic missile hits the vampire bat!
 The magic missile hits the watchman!
 The watchman gets angry!
 The vampire bat bites!
 You die...
 Do you want your possessions identified? [ynq] (y) y
 Do you want to see your attributes? [ynq] (y) q

Inventory:
 Coins    ('$')
  $ - 220 gold pieces
 Weapons  (')')
  f - 3 blessed +0 darts
  a - 10 +2 darts (at the ready)
  d - 8 +0 darts
  M - a blessed +0 dagger
  O - a +0 dagger (weapon in right hand)
 Armor    ('[')
  R - an uncursed +0 dwarvish iron helm (being worn)
  S - an uncursed +0 pair of iron shoes (being worn)
  Q - a cursed -1 dwarvish cloak (being worn)
  j - an uncursed +0 Hawaiian shirt with an orchid motif
  P - an uncursed +0 dwarvish mithril-coat (being worn)
 Comestibles  ('%')
  b - 8 uncursed food rations
  c - 4 uncursed tripe rations
 Scrolls  ('?')
  m - an uncursed scroll of identify
  l - 2 uncursed scrolls of magic mapping
 Spellbooks  ('+')
  G - an uncursed spellbook of detect food
  X - an uncursed spellbook of restore ability
 Potions  ('!')
  v - an uncursed potion of gain energy
  n - an uncursed potion of object detection
  s - an uncursed potion of see invisible
  r - an uncursed potion of water
  K - a potion of unholy water named probably blessed
 Rings    ('=')
  y - an uncursed ring of fire resistance
  F - an uncursed +1 ring of increase accuracy (on right hand)
  C - an uncursed ring of levitation
  w - an uncursed ring of poison resistance
  B - an uncursed ring of teleport control (on left hand)
 Wands    ('/')
  t - a wand of magic missile (0:6)
 Tools    ('(')
  x - an uncursed blindfold
  k - an uncursed credit card
  i - an expensive camera (0:60)
  z - an uncursed mirror
  U - an uncursed tin opener
  V - an uncursed tin opener
 Gems/Stones  ('*')
  I - an uncursed worthless piece of green glass
  E - an uncursed worthless piece of orange glass

ArrBianca the Tourist's attributes:

Background:
 You were an Excursionist, a level 7 female human Tourist.
 You were neutral, on a mission for The Lady
 who was opposed by Blind Io (lawful) and Offler (chaotic).
 You were right-handed.
 You were in the Gnomish Mines, on level 8.
 You entered the dungeon 3259 turns ago.
 It was nighttime.
 You had 706 experience points, 574 more were needed to attain level 8.

Basics:
 You had 0 out of 73 hit points.
 You had all 36 energy points (spell power).
 Your armor class was 1.
 Your wallet contained 220 zorkmids.
 Autopickup was on for '$?!/="+%' plus thrown, with exceptions.

Final Characteristics:
 Your strength was 12 (peak:15, limit:18/100).
 Your dexterity was 10 (limit:18).
 Your constitution was 18 (limit:18).
 Your intelligence was 11 (limit:18).
 Your wisdom was 7 (limit:18).
 Your charisma was 14 (limit:18).

Final Status:
 You weren't hungry.
 You were unencumbered.
 You were wielding a dagger.
 You had basic skill with dagger.

Final Attributes:
 You were piously aligned.
 Your items were somewhat protected from fire.
 Your items were somewhat protected from cold.
 You had teleport control.
 You had a small bonus to hit (+1).
 You were guarded.
 You are dead.

Miscellaneous:
 You didn't encounter any bones levels.
 Total elapsed playing time was 32 minutes and 43 seconds.

Major events:
 Turn
    1: ArrBianca the neutral female human Tourist entered the dungeon
  561: attained the rank of Sightseer (level 3)
 2217: entered the Gnomish Mines
 2318: attained the rank of Excursionist (level 6)
 3245: reached Mine Town
 3259: killed by a vampire bat

You didn't know any spells.

Skills:
 Fighting Skills
   bare handed combat [Unskilled]
   two weapon combat  [Unskilled]
   riding             [Unskilled]
 Weapon Skills
   dagger             [Basic]
   knife              [Unskilled]
   axe                [Unskilled]
   pick-axe           [Unskilled]
   short sword        [Unskilled]
   broadsword         [Unskilled]
   long sword         [Unskilled]
   two-handed sword   [Unskilled]
   saber              [Unskilled]
   mace               [Unskilled]
   morning star       [Unskilled]
   flail              [Unskilled]
   hammer             [Unskilled]
   quarterstaff       [Unskilled]
   polearms           [Unskilled]
   spear              [Unskilled]
   trident            [Unskilled]
   lance              [Unskilled]
   bow                [Unskilled]
   sling              [Unskilled]
   crossbow           [Unskilled]
   dart               [Basic]
   shuriken           [Unskilled]
   boomerang          [Unskilled]
   whip               [Unskilled]
   unicorn horn       [Unskilled]
 Spellcasting Skills
   divination spells  [Unskilled]
   enchantment spells [Unskilled]
   escape spells      [Unskilled]

Voluntary challenges:
 Character rerolling was not enabled.
 You never genocided any monsters.
 You never polymorphed an object.
 You never changed form.
 You used no wishes.
Achievements:
 You attained the rank of Sightseer.
 You entered a shop.
 You entered the Gnomish Mines.
 You attained the rank of Excursionist.
 You entered Minetown.

 The Dungeons of Doom: levels 1 to 6
    Level 1:
    Level 2:
    Level 3:
       A general store, a fountain.
    Level 4:
       Stairs down to The Gnomish Mines.
    Level 5:
       A food shop, many fountains.
    Level 6:
 The Gnomish Mines: levels 5 to 8
    Level 5:
    Level 6:
    Level 7:
    Level 8: <- You were here.
       Final resting place for
          you, killed by a vampire bat.


Vanquished creatures:
  a small mimic
  a wolf
  a rock mole
  a fog cloud
  5 gnome leaders
  2 giant ants
  a floating eye
  5 dwarves
  a kobold shaman
  a hill orc
  2 orc zombies
  4 dwarf zombies
 an acid blob
  a coyote
  2 hobbits
  a giant rat
  3 cave spiders
  a green mold
 26 gnomes
  2 garter snakes
  3 geckos
  3 jackals
  a kobold
  a goblin
  a sewer rat
  7 grid bugs
  a lichen
  3 newts
82 creatures vanquished.

No species were genocided or became extinct.

Game over:
                       ----------
                      /          \
                     /    REST    \
                    /      IN      \
                   /     PEACE      \
                  /                  \
                  |    ArrBianca     |
                  |      220 Au      |
                  |   killed by a    |
                  |   vampire bat    |
                  |                  |
                  |                  |
                  |       2026       |
                 *|     *  *  *      | *
        _________)/\\_//(\/(/\)/\//\/|_)_______

Aloha ArrBianca the Tourist...

You died in The Gnomish Mines on dungeon level 8 with 3221 points,
and 220 pieces of gold, after 3259 moves.
You were level 7 with a maximum of 73 hit points when you died.

